 Dungeon Crawl Stone Soup version 0.30-a0-694-g3340775977 (console) character file.

Game seed: 17862581599882182446

1 Ignak the Magician (level 1, 0/11 HPs)
             Began as an Octopode Hedge Wizard on Jan 20, 2023.
             Slain by a bat (1 damage)
             ... on level 1 of the Dungeon.
             The game lasted 00:00:12 (22 turns).

Ignak the Magician (Octopode Hedge Wizard)            Turns: 22, Time: 00:00:13

Health: 0/11       AC:  1    Str:  9    XL:     1   Next: 20%
Magic:  4/4        EV: 10    Int: 16    God:
Gold:   0          SH:  0    Dex: 11    Spells: 5/6 levels left

rFire   . . .      SeeInvis .    a - +0 dagger
rCold   . . .      Faith    .    (no shield)
rNeg    . . .      Spirit   .    b - +0 hat
rPois   .          Reflect  .    (no amulet)
rElec   .          Harm     .    (no ring)
rCorr   .          Rampage  .    (no ring)
Will    .....                    (no ring)
Stlth   +++                      (no ring)
HPRegen 0.21/turn                (no ring)
MPRegen 0.09/turn                (no ring)
                                 (no ring)
                                 (no ring)

@: constricted
A: almost no armour, amphibious, 8 rings, camouflage 1, gelatinous body 1,
(nimble swimmer 1), tentacles
a: no special abilities


You were on level 1 of the Dungeon.
You visited 1 branch of the dungeon, and saw 1 of its levels.

Inventory:

Hand Weapons
 a - a +0 dagger (weapon)
Armour
 b - a +0 hat (worn)
Scrolls
 d - a scroll of brand weapon {unknown}
Potions
 c - a potion of magic


   Skills:
 + Level 0.0 Fighting
 + Level 0.0 Short Blades
 + Level 2.0 Dodging
 + Level 2.7 Stealth
 + Level 0.0 Unarmed Combat
 + Level 3.0 Spellcasting
 + Level 1.0 Conjurations
 + Level 1.0 Summonings
 + Level 1.0 Translocations


You had 5 spell levels left.
You knew the following spells:

 Your Spells              Type           Power      Damage    Failure   Level
a - Magic Dart            Conj           20%        1d4       12%         1

Your spell library contained the following spells:

 Spells                   Type           Power      Damage    Failure   Level
 Slow                     Hex            8%         N/A       19%         1
 Blink                    Tloc           10%        N/A       19%         2
 Call Imp                 Summ           5%         N/A       19%         2
 Cigotuvi's Dreadful Rot  Necr/Pois/Air  4%         N/A       28%         2
 Mephitic Cloud           Conj/Pois/Air  3%         N/A       43%         3


Dungeon Overview and Level Annotations

Branches:
Dungeon (1/15)

Altars:


Innate Abilities, Weirdness & Mutations

You cannot wear most types of armour.
You are amphibious.
You can wear up to eight rings at the same time.
Your skin changes colour to match your surroundings (Stealth+).
Your rubbery body absorbs attacks. (AC +1, EV +1)
((You are camouflaged when in or above water. (Stealth+)))
You have tentacles for arms and can constrict up to eight enemies at once.


Message History

Found 6 boomerangs and a hand axe.
You barely miss the rat. Your grab misses the rat. Your squeeze misses the rat.
The rat bites you.
You closely miss the rat. You grab the rat. You squeeze the rat.
The rat is moderately wounded.
You constrict the rat.
The kobold shouts!
A ball python comes into view.
The rat bites you.
The ball python hisses angrily.
You hit the rat.
You kill the rat!
A bat comes into view.
A ball python comes into view.
The bat moves out of view.
A dart slug comes into view.
Found a viscous clear potion.
Found a stone staircase leading down.
A rat comes into view.
The ball python bites you. The ball python closely misses you.
A ball python comes into view.
The bat hits you but does no damage. The kobold barely misses you.
The ball python hisses angrily. x2
You hit the kobold. Your grab misses the kobold.
Your squeeze misses the kobold.
The kobold is moderately wounded.
The bat hits you but does no damage. The ball python bites you.
The ball python grabs you. The ball python constricts you.
The kobold hits you with a +0 club.
* * * LOW HITPOINT WARNING * * *
You are too injured to fight recklessly!
You hit the ball python.
You kill the ball python!
The bat closely misses you. The kobold barely misses you.
A rat comes into view.
The ball python bites you but does no damage.
The ball python closely misses you. The kobold closely misses you.
The ball python misses you. The ball python grabs you.
The ball python constricts you.
* * * LOW HITPOINT WARNING * * *
The bat hits you.
You die...

..........#
..........#
.>........#
.....)...(###
............
..........#####
.....r.bS......
#.r.SK@w..!...
#.####........
###..####..
#......#
####..##
#......#
#......#
#.##..##
#......#


You could see a dart slug, a bat, 2 ball pythons, a kobold and 2 rats.

Vanquished Creatures
  A ball python (D:1)
  A rat (D:1)
2 creatures vanquished.

Notes
Turn   | Place    | Note
-------+----------+-------------------------------------------
     0 | D:1      | Ignak the Octopode Hedge Wizard began the quest for the
                  | Orb.
     0 | D:1      | Reached XP level 1. HP: 11/11 MP: 4/4
    22 | D:1      | Slain by a bat

Illustrated notes

Levels and vault maps discovered:
D:1:      dpeg_arrival_ternary, layout_rooms, minmay_bisected

Action                   || total
-------------------------++-------
Melee: Dagger            ||     5
       Constrict         ||     1
       Tentacles         ||     1
Armor: Skin              ||     3
Dodge: Dodged            ||     7

Table legend: (Time is in decaauts)
 A = Elapsed time spent in this place.
 B = Non-inter-level travel time spent in this place.
 C = Inter-level travel time spent in this place.
 D = Time resting spent in this place.
 E = Time spent auto-exploring this place.
 F = Levels seen in this place.
 G = Mean time per level.
                   A        B        C        D        E       F      G
               +--------+--------+--------+--------+--------+-----+--------+
         Total |     22 |     22 |      0 |      0 |      8 |   1 |   22.0 |
       Dungeon |     22 |     22 |      0 |      0 |      8 |   1 |   22.0 |
               +--------+--------+--------+--------+--------+-----+--------+

Top non-repeatable levels by time:
     D:1: 22 daAuts
